 Dungeon Crawl Stone Soup version 0.23-a0-639-ga9a3373 (webtiles) character file.

29 Lavandula the Sneak (level 3, -3/21 HPs)
             Began as a Halfling Enchanter on Dec 29, 2018.
             Slain by a kobold
             ... wielding a +0 club
              (5 damage)
             ... on level 3 of the Dungeon.
             The game lasted 00:02:00 (298 turns).

Lavandula the Sneak (Halfling Enchanter)             Turns: 298, Time: 00:02:00

Health: -3/21      AC:  2    Str:  9    XL:     3   Next: 32%
Magic:  2/6        EV: 15    Int: 14    God:
Gold:   25         SH:  0    Dex: 14    Spells: 3/6 levels left

rFire    . . .     SeeInvis .   a - +1 dagger
rCold    . . .     Gourm    .   (shield restricted)
rNeg     . . .     Faith    .   b - +0 robe
rPois    .         Spirit   .   (no helmet)
rElec    .         Reflect  .   (no cloak)
rCorr    .         Harm     .   (no gloves)
MR       .....                  (no boots)
Stlth    ++........             (no amulet)
HPRegen  0.07/turn              (no ring)
MPRegen  0.10/turn              (no ring)

@: no status effects
A: small, mutation resistance 1
a: no special abilities


You were on level 3 of the Dungeon.
You were not hungry.

You visited 1 branch of the dungeon, and saw 4 of its levels.

You collected 25 gold pieces.

Inventory:

Hand Weapons
 a - a +1 dagger (weapon)
Armour
 b - a +0 robe (worn)
Wands
 g - a wand of scattershot (6)
Scrolls
 c - a scroll of amnesia {unknown}
 f - a scroll of blinking {unknown}
 h - a scroll of teleportation {unknown}
Potions
 e - a potion of degeneration {unknown}
 i - a potion of resistance {unknown}
Comestibles
 d - a ration


   Skills:
 - Level 3.0 Short Blades
 - Level 2.1 Dodging
 - Level 3.2 Stealth
 + Level 2.0 Spellcasting
 - Level 2.4 Hexes


You had 3 spell levels left.
You knew the following spells:

 Your Spells              Type           Power        Failure   Level  Hunger
a - Corona                Hex            #......      9%          1    ##.....
b - Ensorcelled Hibernat  Hex/Ice        #.....       22%         2    ###....

Your spell library contained the following spells:

 Spells                   Type           Power        Failure   Level  Hunger
 Confuse                  Hex            #.......     26%         3    ####...
 Tukima's Dance           Hex            #.......     26%         3    ####...
 Dazzling Spray           Conj/Hex       #.....       41%         3    ####...


Dungeon Overview and Level Annotations

Branches:
Dungeon (4/15)
 Temple: D:4-7

Altars:


Innate Abilities, Weirdness & Mutations

You are small and have problems with some larger weapons.
You are somewhat resistant to further mutation.


Message History

Aim: an adder (chance to defeat MR: 45%)
The adder looks drowsy...
The helpless adder fails to defend itself.
You impale the adder!!
You kill the adder!
Your Spellcasting skill increases to level 2!
Casting: Ensorcelled Hibernation (safe; 22% risk of failure)
Confirm with . or Enter, or press ? or * to list all spells.
Aiming: Corona (safe; 9% risk of failure)
Press: ? - help, Shift-Dir - straight line, f - kobold
Aim: a kobold, wielding a +0 club (chance to defeat MR: 61%)
The kobold is outlined in light.
The kobold throws a stone.
The stone hits you.
You hit the kobold.
The kobold is moderately wounded.
The kobold hits you with a +0 club.
* * * LOW HITPOINT WARNING * * *
You hit the kobold.
The kobold is severely wounded.
The kobold hits you with a +0 club.
You die...

# #..# #. #..# S##.<#
.#.=##### ...$...#
#.g# #.# #..# #.#
#..###.####.#
#.((K@......#
##.###.###### #.#
#(### #.# #...# #.#
###.#
#.#####.#########
................# #
.........######.##.#
..##..........>....##


You could see a kobold.

Vanquished Creatures
  An adder (D:3)
  2 worms (D:2)
  A dart slug (D:2)
  A leopard gecko (D:2)
  2 goblins
  2 hobgoblins
  A bat (D:3)
  A kobold (D:3)
  2 rats
13 creatures vanquished.

Notes
Turn   | Place    | Note
-------+----------+-------------------------------------------
     0 | D:1      | Lavandula the Halfling Enchanter began the quest for the
                  | Orb.
     0 | D:1      | Reached XP level 1. HP: 11/11 MP: 3/3
   103 | D:2      | Reached XP level 2. HP: 15/17 MP: 2/4
   161 | D:2      | Learned a level 2 spell: Ensorcelled Hibernation
   292 | D:3      | Reached XP level 3. HP: 8/21 MP: 5/5
   298 | D:3      | Slain by a kobold

Vault maps used:
D:1:      denvon_arrival_waterhouse, serial_bayou_lagoon_b
D:3:      uniq_terence, uniq_grinder
D:4:      lemuel_doored_altar, minmay_temple_entry_statues_pillars,
          gup_sewer_entry_spiral

Skill      XL: |  1  2  3 |
---------------+----------+-----
Short Blades   | 2 3 |  3.0
Spellcasting   | 2 |  2.0
Dodging        | |  2.1
Stealth        | |  3.2
Hexes          | |  2.4

Action                   || total
-------------------------++-------
Melee: Dagger            ||    40
 Cast: Corona            ||     9
       Ensorcelled Hiber ||     2
 Stab: Sleeping          ||     5
Dodge: Dodged            ||    24

Table legend:
 A = Non-vault XP
 B = Vault XP
 C = Vault XP percentage of total XP
 D = Non-vault monster count
 E = Vault monster count
 F = Vault count percentage of total count
                 A         B        C        D         E       F
            +---------+---------+-------+---------+---------+-------
      Total |      42 |       0 |   0.0 |      13 |       0 |   0.0
            +---------+---------+-------+---------+---------+-------
        D:1 |       4 |       0 |   0.0 |       2 |       0 |   0.0
        D:2 |      20 |       0 |   0.0 |       6 |       0 |   0.0
        D:3 |      18 |       0 |   0.0 |       5 |       0 |   0.0
            +---------+---------+-------+---------+---------+-------
